%YAML 1.1
%TAG !u! tag:unity3d.com,2011:
--- !u!1 &8247489550470966
GameObject:
  m_ObjectHideFlags: 0
  m_CorrespondingSourceObject: {fileID: 0}
  m_PrefabInstance: {fileID: 0}
  m_PrefabAsset: {fileID: 0}
  serializedVersion: 6
  m_Component:
  - component: {fileID: 1564042480493081354}
  - component: {fileID: 429643816253554993}
  - component: {fileID: 8573639620568036217}
  - component: {fileID: 7411429568257203983}
  - component: {fileID: 7990042896321746160}
  m_Layer: 0
  m_Name: Cube (2)
  m_TagString: Untagged
  m_Icon: {fileID: 0}
  m_NavMeshLayer: 0
  m_StaticEditorFlags: 0
  m_IsActive: 1
--- !u!4 &1564042480493081354
Transform:
  m_ObjectHideFlags: 0
  m_CorrespondingSourceObject: {fileID: 0}
  m_PrefabInstance: {fileID: 0}
  m_PrefabAsset: {fileID: 0}
  m_GameObject: {fileID: 8247489550470966}
  m_LocalRotation: {x: -0, y: -0.2588199, z: -0, w: -0.96592563}
  m_LocalPosition: {x: 0, y: 0, z: 0}
  m_LocalScale: {x: 7.0259547, y: 0.042304635, z: 0.45033866}
  m_Children: []
  m_Father: {fileID: 5404798983425576671}
  m_RootOrder: 2
  m_LocalEulerAnglesHint: {x: 0, y: -330, z: 0}
--- !u!114 &429643816253554993
MonoBehaviour:
  m_ObjectHideFlags: 0
  m_CorrespondingSourceObject: {fileID: 0}
  m_PrefabInstance: {fileID: 0}
  m_PrefabAsset: {fileID: 0}
  m_GameObject: {fileID: 8247489550470966}
  m_Enabled: 1
  m_EditorHideFlags: 0
  m_Script: {fileID: 11500000, guid: 8233d90336aea43098adf6dbabd606a2, type: 3}
  m_Name: 
  m_EditorClassIdentifier: 
  m_MeshFormatVersion: 1
  m_Faces:
  - m_Indexes: 000000000100000002000000010000000300000002000000
    m_SmoothingGroup: 0
    m_Uv:
      m_UseWorldSpace: 0
      m_FlipU: 0
      m_FlipV: 0
      m_SwapUV: 0
      m_Fill: 1
      m_Scale: {x: 1, y: 1}
      m_Offset: {x: 0, y: 0}
      m_Rotation: 0
      m_Anchor: 9
    m_Material: {fileID: 0}
    m_SubmeshIndex: 0
    m_ManualUV: 0
    elementGroup: -1
    m_TextureGroup: -1
  - m_Indexes: 040000000500000006000000050000000700000006000000
    m_SmoothingGroup: 0
    m_Uv:
      m_UseWorldSpace: 0
      m_FlipU: 0
      m_FlipV: 0
      m_SwapUV: 0
      m_Fill: 1
      m_Scale: {x: 1, y: 1}
      m_Offset: {x: 0, y: 0}
      m_Rotation: 0
      m_Anchor: 9
    m_Material: {fileID: 0}
    m_SubmeshIndex: 0
    m_ManualUV: 0
    elementGroup: -1
    m_TextureGroup: -1
  - m_Indexes: 08000000090000000a000000090000000b0000000a000000
    m_SmoothingGroup: 0
    m_Uv:
      m_UseWorldSpace: 0
      m_FlipU: 0
      m_FlipV: 0
      m_SwapUV: 0
      m_Fill: 1
      m_Scale: {x: 1, y: 1}
      m_Offset: {x: 0, y: 0}
      m_Rotation: 0
      m_Anchor: 9
    m_Material: {fileID: 0}
    m_SubmeshIndex: 0
    m_ManualUV: 0
    elementGroup: -1
    m_TextureGroup: -1
  - m_Indexes: 0c0000000d0000000e0000000d0000000f0000000e000000
    m_SmoothingGroup: 0
    m_Uv:
      m_UseWorldSpace: 0
      m_FlipU: 0
      m_FlipV: 0
      m_SwapUV: 0
      m_Fill: 1
      m_Scale: {x: 1, y: 1}
      m_Offset: {x: 0, y: 0}
      m_Rotation: 0
      m_Anchor: 9
    m_Material: {fileID: 0}
    m_SubmeshIndex: 0
    m_ManualUV: 0
    elementGroup: -1
    m_TextureGroup: -1
  - m_Indexes: 100000001100000012000000110000001300000012000000
    m_SmoothingGroup: 0
    m_Uv:
      m_UseWorldSpace: 0
      m_FlipU: 0
      m_FlipV: 0
      m_SwapUV: 0
      m_Fill: 1
      m_Scale: {x: 1, y: 1}
      m_Offset: {x: 0, y: 0}
      m_Rotation: 0
      m_Anchor: 9
    m_Material: {fileID: 0}
    m_SubmeshIndex: 0
    m_ManualUV: 0
    elementGroup: -1
    m_TextureGroup: -1
  - m_Indexes: 140000001500000016000000150000001700000016000000
    m_SmoothingGroup: 0
    m_Uv:
      m_UseWorldSpace: 0
      m_FlipU: 0
      m_FlipV: 0
      m_SwapUV: 0
      m_Fill: 1
      m_Scale: {x: 1, y: 1}
      m_Offset: {x: 0, y: 0}
      m_Rotation: 0
      m_Anchor: 9
    m_Material: {fileID: 0}
    m_SubmeshIndex: 0
    m_ManualUV: 0
    elementGroup: -1
    m_TextureGroup: -1
  m_SharedVertices:
  - m_Vertices: 000000000d00000016000000
  - m_Vertices: 010000000400000017000000
  - m_Vertices: 020000000f00000010000000
  - m_Vertices: 030000000600000011000000
  - m_Vertices: 050000000800000015000000
  - m_Vertices: 070000000a00000013000000
  - m_Vertices: 090000000c00000014000000
  - m_Vertices: 0b0000000e00000012000000
  m_SharedTextures: []
  m_Positions:
  - {x: 0.015175292, y: -0.0000032977186, z: -0.30835202}
  - {x: 1, y: 0, z: 0}
  - {x: 0.015175292, y: 0.99999386, z: -0.30835202}
  - {x: 1, y: 1, z: 0}
  - {x: 1, y: 0, z: 0}
  - {x: 1, y: 0, z: -1}
  - {x: 1, y: 1, z: 0}
  - {x: 1, y: 1, z: -1}
  - {x: 1, y: 0, z: -1}
  - {x: 0.015175283, y: -0.0000032977186, z: -0.61938316}
  - {x: 1, y: 1, z: -1}
  - {x: 0.015175283, y: 0.99999386, z: -0.61938316}
  - {x: 0.015175283, y: -0.0000032977186, z: -0.61938316}
  - {x: 0.015175292, y: -0.0000032977186, z: -0.30835202}
  - {x: 0.015175283, y: 0.99999386, z: -0.61938316}
  - {x: 0.015175292, y: 0.99999386, z: -0.30835202}
  - {x: 0.015175292, y: 0.99999386, z: -0.30835202}
  - {x: 1, y: 1, z: 0}
  - {x: 0.015175283, y: 0.99999386, z: -0.61938316}
  - {x: 1, y: 1, z: -1}
  - {x: 0.015175283, y: -0.0000032977186, z: -0.61938316}
  - {x: 1, y: 0, z: -1}
  - {x: 0.015175292, y: -0.0000032977186, z: -0.30835202}
  - {x: 1, y: 0, z: 0}
  m_Textures0:
  - {x: 0.07765343, y: -0.0000032977186}
  - {x: -0.95431584, y: 0}
  - {x: 0.07765343, y: 0.99999386}
  - {x: -0.95431584, y: 1}
  - {x: 0, y: 0}
  - {x: -1, y: 0}
  - {x: 0, y: 1}
  - {x: -1, y: 1}
  - {x: 1.2932562, y: 0}
  - {x: 0.23743956, y: -0.0000032977186}
  - {x: 1.2932562, y: 1}
  - {x: 0.23743956, y: 0.99999386}
  - {x: 0.61938316, y: -0.0000032977186}
  - {x: 0.30835202, y: -0.0000032977186}
  - {x: 0.61938316, y: 0.99999386}
  - {x: 0.30835202, y: 0.99999386}
  - {x: 0.015181527, y: -0.30835202}
  - {x: 1.0000062, y: -1.866603e-13}
  - {x: 0.015181517, y: -0.61938316}
  - {x: 1.0000062, y: -1}
  - {x: -0.015175283, y: -0.61938316}
  - {x: -1, y: -1}
  - {x: -0.015175292, y: -0.30835202}
  - {x: -1, y: 3.3574193e-19}
  m_Textures2: []
  m_Textures3: []
  m_Tangents:
  - {x: -0.9543159, y: 0, z: -0.2987996, w: -1}
  - {x: -0.9543159, y: 0, z: -0.29879957, w: -1}
  - {x: -0.9543159, y: 0, z: -0.29879957, w: -1}
  - {x: -0.9543159, y: 0, z: -0.2987996, w: -1}
  - {x: 0, y: 0, z: 1, w: -1}
  - {x: 0, y: 0, z: 1, w: -1}
  - {x: 0, y: 0, z: 1, w: -1}
  - {x: 0, y: 0, z: 1, w: -1}
  - {x: 0.93276113, y: 0, z: -0.3604952, w: -1}
  - {x: 0.93276113, y: 0, z: -0.36049518, w: -1}
  - {x: 0.93276113, y: 0, z: -0.36049518, w: -1}
  - {x: 0.93276113, y: 0, z: -0.36049518, w: -1}
  - {x: -0.000000029943067, y: 0, z: -1, w: -1}
  - {x: -0.000000029943067, y: 0, z: -1, w: -1}
  - {x: -0.000000029943067, y: 0, z: -1, w: -1}
  - {x: -0.000000029943067, y: 0, z: -1, w: -1}
  - {x: 1, y: 0.0000062338795, z: 0, w: -1}
  - {x: 1, y: 0.0000062338795, z: 0, w: -1}
  - {x: 1, y: 0.0000062338795, z: 0, w: -1}
  - {x: 1, y: 0.0000062338795, z: 0, w: -1}
  - {x: -1, y: -0.0000033485337, z: -2.2797703e-26, w: -1}
  - {x: -1, y: -0.0000033485335, z: 0, w: -1}
  - {x: -1, y: -0.0000033485335, z: 0, w: -1}
  - {x: -1, y: -0.0000033485335, z: 0, w: -1}
  m_Colors: []
  m_UnwrapParameters:
    m_HardAngle: 88
    m_PackMargin: 20
    m_AngleError: 8
    m_AreaError: 15
  m_PreserveMeshAssetOnDestroy: 0
  assetGuid: 
  m_Mesh: {fileID: 0}
  m_IsSelectable: 1
  m_SelectedFaces: 
  m_SelectedEdges: []
  m_SelectedVertices: 
--- !u!23 &8573639620568036217
MeshRenderer:
  m_ObjectHideFlags: 0
  m_CorrespondingSourceObject: {fileID: 0}
  m_PrefabInstance: {fileID: 0}
  m_PrefabAsset: {fileID: 0}
  m_GameObject: {fileID: 8247489550470966}
  m_Enabled: 1
  m_CastShadows: 1
  m_ReceiveShadows: 1
  m_DynamicOccludee: 1
  m_MotionVectors: 1
  m_LightProbeUsage: 1
  m_ReflectionProbeUsage: 1
  m_RayTracingMode: 2
  m_RayTraceProcedural: 0
  m_RenderingLayerMask: 1
  m_RendererPriority: 0
  m_Materials:
  - {fileID: 2100000, guid: 20239240535af2a4f86504b0534b25b3, type: 2}
  m_StaticBatchInfo:
    firstSubMesh: 0
    subMeshCount: 0
  m_StaticBatchRoot: {fileID: 0}
  m_ProbeAnchor: {fileID: 0}
  m_LightProbeVolumeOverride: {fileID: 0}
  m_ScaleInLightmap: 1
  m_ReceiveGI: 1
  m_PreserveUVs: 0
  m_IgnoreNormalsForChartDetection: 0
  m_ImportantGI: 0
  m_StitchLightmapSeams: 1
  m_SelectedEditorRenderState: 2
  m_MinimumChartSize: 4
  m_AutoUVMaxDistance: 0.5
  m_AutoUVMaxAngle: 89
  m_LightmapParameters: {fileID: 0}
  m_SortingLayerID: 0
  m_SortingLayer: 0
  m_SortingOrder: 0
  m_AdditionalVertexStreams: {fileID: 0}
--- !u!33 &7411429568257203983
MeshFilter:
  m_ObjectHideFlags: 0
  m_CorrespondingSourceObject: {fileID: 0}
  m_PrefabInstance: {fileID: 0}
  m_PrefabAsset: {fileID: 0}
  m_GameObject: {fileID: 8247489550470966}
  m_Mesh: {fileID: 0}
--- !u!64 &7990042896321746160
MeshCollider:
  m_ObjectHideFlags: 0
  m_CorrespondingSourceObject: {fileID: 0}
  m_PrefabInstance: {fileID: 0}
  m_PrefabAsset: {fileID: 0}
  m_GameObject: {fileID: 8247489550470966}
  m_Material: {fileID: 0}
  m_IsTrigger: 0
  m_Enabled: 1
  serializedVersion: 4
  m_Convex: 0
  m_CookingOptions: 30
  m_Mesh: {fileID: 0}
--- !u!1 &1917711081798769609
GameObject:
  m_ObjectHideFlags: 0
  m_CorrespondingSourceObject: {fileID: 0}
  m_PrefabInstance: {fileID: 0}
  m_PrefabAsset: {fileID: 0}
  serializedVersion: 6
  m_Component:
  - component: {fileID: 4761798671621816194}
  - component: {fileID: 6610803980325269468}
  - component: {fileID: 2850444943978477071}
  - component: {fileID: 2912442242061377623}
  - component: {fileID: 266408169890067430}
  m_Layer: 0
  m_Name: Cube
  m_TagString: Untagged
  m_Icon: {fileID: 0}
  m_NavMeshLayer: 0
  m_StaticEditorFlags: 0
  m_IsActive: 1
--- !u!4 &4761798671621816194
Transform:
  m_ObjectHideFlags: 0
  m_CorrespondingSourceObject: {fileID: 0}
  m_PrefabInstance: {fileID: 0}
  m_PrefabAsset: {fileID: 0}
  m_GameObject: {fileID: 1917711081798769609}
  m_LocalRotation: {x: -0, y: -0.7071068, z: -0, w: 0.7071068}
  m_LocalPosition: {x: -0.39987975, y: 0, z: -0.040010452}
  m_LocalScale: {x: 7.025955, y: 0.042304635, z: 0.45033866}
  m_Children: []
  m_Father: {fileID: 5404798983425576671}
  m_RootOrder: 0
  m_LocalEulerAnglesHint: {x: 0, y: -90, z: 0}
--- !u!114 &6610803980325269468
MonoBehaviour:
  m_ObjectHideFlags: 0
  m_CorrespondingSourceObject: {fileID: 0}
  m_PrefabInstance: {fileID: 0}
  m_PrefabAsset: {fileID: 0}
  m_GameObject: {fileID: 1917711081798769609}
  m_Enabled: 1
  m_EditorHideFlags: 0
  m_Script: {fileID: 11500000, guid: 8233d90336aea43098adf6dbabd606a2, type: 3}
  m_Name: 
  m_EditorClassIdentifier: 
  m_MeshFormatVersion: 1
  m_Faces:
  - m_Indexes: 000000000100000002000000010000000300000002000000
    m_SmoothingGroup: 0
    m_Uv:
      m_UseWorldSpace: 0
      m_FlipU: 0
      m_FlipV: 0
      m_SwapUV: 0
      m_Fill: 1
      m_Scale: {x: 1, y: 1}
      m_Offset: {x: 0, y: 0}
      m_Rotation: 0
      m_Anchor: 9
    m_Material: {fileID: 0}
    m_SubmeshIndex: 0
    m_ManualUV: 0
    elementGroup: -1
    m_TextureGroup: -1
  - m_Indexes: 040000000500000006000000050000000700000006000000
    m_SmoothingGroup: 0
    m_Uv:
      m_UseWorldSpace: 0
      m_FlipU: 0
      m_FlipV: 0
      m_SwapUV: 0
      m_Fill: 1
      m_Scale: {x: 1, y: 1}
      m_Offset: {x: 0, y: 0}
      m_Rotation: 0
      m_Anchor: 9
    m_Material: {fileID: 0}
    m_SubmeshIndex: 0
    m_ManualUV: 0
    elementGroup: -1
    m_TextureGroup: -1
  - m_Indexes: 08000000090000000a000000090000000b0000000a000000
    m_SmoothingGroup: 0
    m_Uv:
      m_UseWorldSpace: 0
      m_FlipU: 0
      m_FlipV: 0
      m_SwapUV: 0
      m_Fill: 1
      m_Scale: {x: 1, y: 1}
      m_Offset: {x: 0, y: 0}
      m_Rotation: 0
      m_Anchor: 9
    m_Material: {fileID: 0}
    m_SubmeshIndex: 0
    m_ManualUV: 0
    elementGroup: -1
    m_TextureGroup: -1
  - m_Indexes: 0c0000000d0000000e0000000d0000000f0000000e000000
    m_SmoothingGroup: 0
    m_Uv:
      m_UseWorldSpace: 0
      m_FlipU: 0
      m_FlipV: 0
      m_SwapUV: 0
      m_Fill: 1
      m_Scale: {x: 1, y: 1}
      m_Offset: {x: 0, y: 0}
      m_Rotation: 0
      m_Anchor: 9
    m_Material: {fileID: 0}
    m_SubmeshIndex: 0
    m_ManualUV: 0
    elementGroup: -1
    m_TextureGroup: -1
  - m_Indexes: 100000001100000012000000110000001300000012000000
    m_SmoothingGroup: 0
    m_Uv:
      m_UseWorldSpace: 0
      m_FlipU: 0
      m_FlipV: 0
      m_SwapUV: 0
      m_Fill: 1
      m_Scale: {x: 1, y: 1}
      m_Offset: {x: 0, y: 0}
      m_Rotation: 0
      m_Anchor: 9
    m_Material: {fileID: 0}
    m_SubmeshIndex: 0
    m_ManualUV: 0
    elementGroup: -1
    m_TextureGroup: -1
  - m_Indexes: 140000001500000016000000150000001700000016000000
    m_SmoothingGroup: 0
    m_Uv:
      m_UseWorldSpace: 0
      m_FlipU: 0
      m_FlipV: 0
      m_SwapUV: 0
      m_Fill: 1
      m_Scale: {x: 1, y: 1}
      m_Offset: {x: 0, y: 0}
      m_Rotation: 0
      m_Anchor: 9
    m_Material: {fileID: 0}
    m_SubmeshIndex: 0
    m_ManualUV: 0
    elementGroup: -1
    m_TextureGroup: -1
  m_SharedVertices:
  - m_Vertices: 000000000d00000016000000
  - m_Vertices: 010000000400000017000000
  - m_Vertices: 020000000f00000010000000
  - m_Vertices: 030000000600000011000000
  - m_Vertices: 050000000800000015000000
  - m_Vertices: 070000000a00000013000000
  - m_Vertices: 090000000c00000014000000
  - m_Vertices: 0b0000000e00000012000000
  m_SharedTextures: []
  m_Positions:
  - {x: 0.015175292, y: -0.0000032977186, z: -0.30835202}
  - {x: 1, y: 0, z: 0}
  - {x: 0.015175292, y: 0.99999386, z: -0.30835202}
  - {x: 1, y: 1, z: 0}
  - {x: 1, y: 0, z: 0}
  - {x: 1, y: 0, z: -1}
  - {x: 1, y: 1, z: 0}
  - {x: 1, y: 1, z: -1}
  - {x: 1, y: 0, z: -1}
  - {x: 0.015175283, y: -0.0000032977186, z: -0.61938316}
  - {x: 1, y: 1, z: -1}
  - {x: 0.015175283, y: 0.99999386, z: -0.61938316}
  - {x: 0.015175283, y: -0.0000032977186, z: -0.61938316}
  - {x: 0.015175292, y: -0.0000032977186, z: -0.30835202}
  - {x: 0.015175283, y: 0.99999386, z: -0.61938316}
  - {x: 0.015175292, y: 0.99999386, z: -0.30835202}
  - {x: 0.015175292, y: 0.99999386, z: -0.30835202}
  - {x: 1, y: 1, z: 0}
  - {x: 0.015175283, y: 0.99999386, z: -0.61938316}
  - {x: 1, y: 1, z: -1}
  - {x: 0.015175283, y: -0.0000032977186, z: -0.61938316}
  - {x: 1, y: 0, z: -1}
  - {x: 0.015175292, y: -0.0000032977186, z: -0.30835202}
  - {x: 1, y: 0, z: 0}
  m_Textures0:
  - {x: 0.07765343, y: -0.0000032977186}
  - {x: -0.95431584, y: 0}
  - {x: 0.07765343, y: 0.99999386}
  - {x: -0.95431584, y: 1}
  - {x: 0, y: 0}
  - {x: -1, y: 0}
  - {x: 0, y: 1}
  - {x: -1, y: 1}
  - {x: 1.2932562, y: 0}
  - {x: 0.23743956, y: -0.0000032977186}
  - {x: 1.2932562, y: 1}
  - {x: 0.23743956, y: 0.99999386}
  - {x: 0.61938316, y: -0.0000032977186}
  - {x: 0.30835202, y: -0.0000032977186}
  - {x: 0.61938316, y: 0.99999386}
  - {x: 0.30835202, y: 0.99999386}
  - {x: 0.015181527, y: -0.30835202}
  - {x: 1.0000062, y: -1.866603e-13}
  - {x: 0.015181517, y: -0.61938316}
  - {x: 1.0000062, y: -1}
  - {x: -0.015175283, y: -0.61938316}
  - {x: -1, y: -1}
  - {x: -0.015175292, y: -0.30835202}
  - {x: -1, y: 3.3574193e-19}
  m_Textures2: []
  m_Textures3: []
  m_Tangents:
  - {x: -0.9543159, y: 0, z: -0.2987996, w: -1}
  - {x: -0.9543159, y: 0, z: -0.29879957, w: -1}
  - {x: -0.9543159, y: 0, z: -0.29879957, w: -1}
  - {x: -0.9543159, y: 0, z: -0.2987996, w: -1}
  - {x: 0, y: 0, z: 1, w: -1}
  - {x: 0, y: 0, z: 1, w: -1}
  - {x: 0, y: 0, z: 1, w: -1}
  - {x: 0, y: 0, z: 1, w: -1}
  - {x: 0.93276113, y: 0, z: -0.3604952, w: -1}
  - {x: 0.93276113, y: 0, z: -0.36049518, w: -1}
  - {x: 0.93276113, y: 0, z: -0.36049518, w: -1}
  - {x: 0.93276113, y: 0, z: -0.36049518, w: -1}
  - {x: -0.000000029943067, y: 0, z: -1, w: -1}
  - {x: -0.000000029943067, y: 0, z: -1, w: -1}
  - {x: -0.000000029943067, y: 0, z: -1, w: -1}
  - {x: -0.000000029943067, y: 0, z: -1, w: -1}
  - {x: 1, y: 0.0000062338795, z: 0, w: -1}
  - {x: 1, y: 0.0000062338795, z: 0, w: -1}
  - {x: 1, y: 0.0000062338795, z: 0, w: -1}
  - {x: 1, y: 0.0000062338795, z: 0, w: -1}
  - {x: -1, y: -0.0000033485337, z: -2.2797703e-26, w: -1}
  - {x: -1, y: -0.0000033485335, z: 0, w: -1}
  - {x: -1, y: -0.0000033485335, z: 0, w: -1}
  - {x: -1, y: -0.0000033485335, z: 0, w: -1}
  m_Colors: []
  m_UnwrapParameters:
    m_HardAngle: 88
    m_PackMargin: 20
    m_AngleError: 8
    m_AreaError: 15
  m_PreserveMeshAssetOnDestroy: 0
  assetGuid: 
  m_Mesh: {fileID: 0}
  m_IsSelectable: 1
  m_SelectedFaces: 
  m_SelectedEdges: []
  m_SelectedVertices: 
--- !u!23 &2850444943978477071
MeshRenderer:
  m_ObjectHideFlags: 0
  m_CorrespondingSourceObject: {fileID: 0}
  m_PrefabInstance: {fileID: 0}
  m_PrefabAsset: {fileID: 0}
  m_GameObject: {fileID: 1917711081798769609}
  m_Enabled: 1
  m_CastShadows: 1
  m_ReceiveShadows: 1
  m_DynamicOccludee: 1
  m_MotionVectors: 1
  m_LightProbeUsage: 1
  m_ReflectionProbeUsage: 1
  m_RayTracingMode: 2
  m_RayTraceProcedural: 0
  m_RenderingLayerMask: 1
  m_RendererPriority: 0
  m_Materials:
  - {fileID: 2100000, guid: 20239240535af2a4f86504b0534b25b3, type: 2}
  m_StaticBatchInfo:
    firstSubMesh: 0
    subMeshCount: 0
  m_StaticBatchRoot: {fileID: 0}
  m_ProbeAnchor: {fileID: 0}
  m_LightProbeVolumeOverride: {fileID: 0}
  m_ScaleInLightmap: 1
  m_ReceiveGI: 1
  m_PreserveUVs: 0
  m_IgnoreNormalsForChartDetection: 0
  m_ImportantGI: 0
  m_StitchLightmapSeams: 1
  m_SelectedEditorRenderState: 2
  m_MinimumChartSize: 4
  m_AutoUVMaxDistance: 0.5
  m_AutoUVMaxAngle: 89
  m_LightmapParameters: {fileID: 0}
  m_SortingLayerID: 0
  m_SortingLayer: 0
  m_SortingOrder: 0
  m_AdditionalVertexStreams: {fileID: 0}
--- !u!33 &2912442242061377623
MeshFilter:
  m_ObjectHideFlags: 0
  m_CorrespondingSourceObject: {fileID: 0}
  m_PrefabInstance: {fileID: 0}
  m_PrefabAsset: {fileID: 0}
  m_GameObject: {fileID: 1917711081798769609}
  m_Mesh: {fileID: 0}
--- !u!64 &266408169890067430
MeshCollider:
  m_ObjectHideFlags: 0
  m_CorrespondingSourceObject: {fileID: 0}
  m_PrefabInstance: {fileID: 0}
  m_PrefabAsset: {fileID: 0}
  m_GameObject: {fileID: 1917711081798769609}
  m_Material: {fileID: 0}
  m_IsTrigger: 0
  m_Enabled: 1
  serializedVersion: 4
  m_Convex: 0
  m_CookingOptions: 30
  m_Mesh: {fileID: 0}
--- !u!1 &4273918111316106598
GameObject:
  m_ObjectHideFlags: 0
  m_CorrespondingSourceObject: {fileID: 0}
  m_PrefabInstance: {fileID: 0}
  m_PrefabAsset: {fileID: 0}
  serializedVersion: 6
  m_Component:
  - component: {fileID: 5404798983425576671}
  m_Layer: 0
  m_Name: Propeller
  m_TagString: Untagged
  m_Icon: {fileID: 0}
  m_NavMeshLayer: 0
  m_StaticEditorFlags: 0
  m_IsActive: 1
--- !u!4 &5404798983425576671
Transform:
  m_ObjectHideFlags: 0
  m_CorrespondingSourceObject: {fileID: 0}
  m_PrefabInstance: {fileID: 0}
  m_PrefabAsset: {fileID: 0}
  m_GameObject: {fileID: 4273918111316106598}
  m_LocalRotation: {x: 0, y: 0.5, z: 0, w: 0.8660254}
  m_LocalPosition: {x: -0.558, y: 7.34, z: 16.185}
  m_LocalScale: {x: 1, y: 1, z: 1}
  m_Children:
  - {fileID: 4761798671621816194}
  - {fileID: 5770911592326921315}
  - {fileID: 1564042480493081354}
  m_Father: {fileID: 0}
  m_RootOrder: 0
  m_LocalEulerAnglesHint: {x: 0, y: 60, z: 0}
--- !u!1 &6557945862665988523
GameObject:
  m_ObjectHideFlags: 0
  m_CorrespondingSourceObject: {fileID: 0}
  m_PrefabInstance: {fileID: 0}
  m_PrefabAsset: {fileID: 0}
  serializedVersion: 6
  m_Component:
  - component: {fileID: 5770911592326921315}
  - component: {fileID: 5553439290953383972}
  - component: {fileID: 8728025256699523225}
  - component: {fileID: 2006478036839496219}
  - component: {fileID: 3696710045708600955}
  m_Layer: 0
  m_Name: Cube (1)
  m_TagString: Untagged
  m_Icon: {fileID: 0}
  m_NavMeshLayer: 0
  m_StaticEditorFlags: 0
  m_IsActive: 1
--- !u!4 &5770911592326921315
Transform:
  m_ObjectHideFlags: 0
  m_CorrespondingSourceObject: {fileID: 0}
  m_PrefabInstance: {fileID: 0}
  m_PrefabAsset: {fileID: 0}
  m_GameObject: {fileID: 6557945862665988523}
  m_LocalRotation: {x: -0, y: -0.965926, z: -0, w: -0.25881863}
  m_LocalPosition: {x: -0.16000003, y: 0, z: -0.3900013}
  m_LocalScale: {x: 7.025955, y: 0.042304635, z: 0.45033866}
  m_Children: []
  m_Father: {fileID: 5404798983425576671}
  m_RootOrder: 1
  m_LocalEulerAnglesHint: {x: 0, y: -210, z: 0}
--- !u!114 &5553439290953383972
MonoBehaviour:
  m_ObjectHideFlags: 0
  m_CorrespondingSourceObject: {fileID: 0}
  m_PrefabInstance: {fileID: 0}
  m_PrefabAsset: {fileID: 0}
  m_GameObject: {fileID: 6557945862665988523}
  m_Enabled: 1
  m_EditorHideFlags: 0
  m_Script: {fileID: 11500000, guid: 8233d90336aea43098adf6dbabd606a2, type: 3}
  m_Name: 
  m_EditorClassIdentifier: 
  m_MeshFormatVersion: 1
  m_Faces:
  - m_Indexes: 000000000100000002000000010000000300000002000000
    m_SmoothingGroup: 0
    m_Uv:
      m_UseWorldSpace: 0
      m_FlipU: 0
      m_FlipV: 0
      m_SwapUV: 0
      m_Fill: 1
      m_Scale: {x: 1, y: 1}
      m_Offset: {x: 0, y: 0}
      m_Rotation: 0
      m_Anchor: 9
    m_Material: {fileID: 0}
    m_SubmeshIndex: 0
    m_ManualUV: 0
    elementGroup: -1
    m_TextureGroup: -1
  - m_Indexes: 040000000500000006000000050000000700000006000000
    m_SmoothingGroup: 0
    m_Uv:
      m_UseWorldSpace: 0
      m_FlipU: 0
      m_FlipV: 0
      m_SwapUV: 0
      m_Fill: 1
      m_Scale: {x: 1, y: 1}
      m_Offset: {x: 0, y: 0}
      m_Rotation: 0
      m_Anchor: 9
    m_Material: {fileID: 0}
    m_SubmeshIndex: 0
    m_ManualUV: 0
    elementGroup: -1
    m_TextureGroup: -1
  - m_Indexes: 08000000090000000a000000090000000b0000000a000000
    m_SmoothingGroup: 0
    m_Uv:
      m_UseWorldSpace: 0
      m_FlipU: 0
      m_FlipV: 0
      m_SwapUV: 0
      m_Fill: 1
      m_Scale: {x: 1, y: 1}
      m_Offset: {x: 0, y: 0}
      m_Rotation: 0
      m_Anchor: 9
    m_Material: {fileID: 0}
    m_SubmeshIndex: 0
    m_ManualUV: 0
    elementGroup: -1
    m_TextureGroup: -1
  - m_Indexes: 0c0000000d0000000e0000000d0000000f0000000e000000
    m_SmoothingGroup: 0
    m_Uv:
      m_UseWorldSpace: 0
      m_FlipU: 0
      m_FlipV: 0
      m_SwapUV: 0
      m_Fill: 1
      m_Scale: {x: 1, y: 1}
      m_Offset: {x: 0, y: 0}
      m_Rotation: 0
      m_Anchor: 9
    m_Material: {fileID: 0}
    m_SubmeshIndex: 0
    m_ManualUV: 0
    elementGroup: -1
    m_TextureGroup: -1
  - m_Indexes: 100000001100000012000000110000001300000012000000
    m_SmoothingGroup: 0
    m_Uv:
      m_UseWorldSpace: 0
      m_FlipU: 0
      m_FlipV: 0
      m_SwapUV: 0
      m_Fill: 1
      m_Scale: {x: 1, y: 1}
      m_Offset: {x: 0, y: 0}
      m_Rotation: 0
      m_Anchor: 9
    m_Material: {fileID: 0}
    m_SubmeshIndex: 0
    m_ManualUV: 0
    elementGroup: -1
    m_TextureGroup: -1
  - m_Indexes: 140000001500000016000000150000001700000016000000
    m_SmoothingGroup: 0
    m_Uv:
      m_UseWorldSpace: 0
      m_FlipU: 0
      m_FlipV: 0
      m_SwapUV: 0
      m_Fill: 1
      m_Scale: {x: 1, y: 1}
      m_Offset: {x: 0, y: 0}
      m_Rotation: 0
      m_Anchor: 9
    m_Material: {fileID: 0}
    m_SubmeshIndex: 0
    m_ManualUV: 0
    elementGroup: -1
    m_TextureGroup: -1
  m_SharedVertices:
  - m_Vertices: 000000000d00000016000000
  - m_Vertices: 010000000400000017000000
  - m_Vertices: 020000000f00000010000000
  - m_Vertices: 030000000600000011000000
  - m_Vertices: 050000000800000015000000
  - m_Vertices: 070000000a00000013000000
  - m_Vertices: 090000000c00000014000000
  - m_Vertices: 0b0000000e00000012000000
  m_SharedTextures: []
  m_Positions:
  - {x: 0.015175292, y: -0.0000032977186, z: -0.30835202}
  - {x: 1, y: 0, z: 0}
  - {x: 0.015175292, y: 0.99999386, z: -0.30835202}
  - {x: 1, y: 1, z: 0}
  - {x: 1, y: 0, z: 0}
  - {x: 1, y: 0, z: -1}
  - {x: 1, y: 1, z: 0}
  - {x: 1, y: 1, z: -1}
  - {x: 1, y: 0, z: -1}
  - {x: 0.015175283, y: -0.0000032977186, z: -0.61938316}
  - {x: 1, y: 1, z: -1}
  - {x: 0.015175283, y: 0.99999386, z: -0.61938316}
  - {x: 0.015175283, y: -0.0000032977186, z: -0.61938316}
  - {x: 0.015175292, y: -0.0000032977186, z: -0.30835202}
  - {x: 0.015175283, y: 0.99999386, z: -0.61938316}
  - {x: 0.015175292, y: 0.99999386, z: -0.30835202}
  - {x: 0.015175292, y: 0.99999386, z: -0.30835202}
  - {x: 1, y: 1, z: 0}
  - {x: 0.015175283, y: 0.99999386, z: -0.61938316}
  - {x: 1, y: 1, z: -1}
  - {x: 0.015175283, y: -0.0000032977186, z: -0.61938316}
  - {x: 1, y: 0, z: -1}
  - {x: 0.015175292, y: -0.0000032977186, z: -0.30835202}
  - {x: 1, y: 0, z: 0}
  m_Textures0:
  - {x: 0.07765343, y: -0.0000032977186}
  - {x: -0.95431584, y: 0}
  - {x: 0.07765343, y: 0.99999386}
  - {x: -0.95431584, y: 1}
  - {x: 0, y: 0}
  - {x: -1, y: 0}
  - {x: 0, y: 1}
  - {x: -1, y: 1}
  - {x: 1.2932562, y: 0}
  - {x: 0.23743956, y: -0.0000032977186}
  - {x: 1.2932562, y: 1}
  - {x: 0.23743956, y: 0.99999386}
  - {x: 0.61938316, y: -0.0000032977186}
  - {x: 0.30835202, y: -0.0000032977186}
  - {x: 0.61938316, y: 0.99999386}
  - {x: 0.30835202, y: 0.99999386}
  - {x: 0.015181527, y: -0.30835202}
  - {x: 1.0000062, y: -1.866603e-13}
  - {x: 0.015181517, y: -0.61938316}
  - {x: 1.0000062, y: -1}
  - {x: -0.015175283, y: -0.61938316}
  - {x: -1, y: -1}
  - {x: -0.015175292, y: -0.30835202}
  - {x: -1, y: 3.3574193e-19}
  m_Textures2: []
  m_Textures3: []
  m_Tangents:
  - {x: -0.9543159, y: 0, z: -0.2987996, w: -1}
  - {x: -0.9543159, y: 0, z: -0.29879957, w: -1}
  - {x: -0.9543159, y: 0, z: -0.29879957, w: -1}
  - {x: -0.9543159, y: 0, z: -0.2987996, w: -1}
  - {x: 0, y: 0, z: 1, w: -1}
  - {x: 0, y: 0, z: 1, w: -1}
  - {x: 0, y: 0, z: 1, w: -1}
  - {x: 0, y: 0, z: 1, w: -1}
  - {x: 0.93276113, y: 0, z: -0.3604952, w: -1}
  - {x: 0.93276113, y: 0, z: -0.36049518, w: -1}
  - {x: 0.93276113, y: 0, z: -0.36049518, w: -1}
  - {x: 0.93276113, y: 0, z: -0.36049518, w: -1}
  - {x: -0.000000029943067, y: 0, z: -1, w: -1}
  - {x: -0.000000029943067, y: 0, z: -1, w: -1}
  - {x: -0.000000029943067, y: 0, z: -1, w: -1}
  - {x: -0.000000029943067, y: 0, z: -1, w: -1}
  - {x: 1, y: 0.0000062338795, z: 0, w: -1}
  - {x: 1, y: 0.0000062338795, z: 0, w: -1}
  - {x: 1, y: 0.0000062338795, z: 0, w: -1}
  - {x: 1, y: 0.0000062338795, z: 0, w: -1}
  - {x: -1, y: -0.0000033485337, z: -2.2797703e-26, w: -1}
  - {x: -1, y: -0.0000033485335, z: 0, w: -1}
  - {x: -1, y: -0.0000033485335, z: 0, w: -1}
  - {x: -1, y: -0.0000033485335, z: 0, w: -1}
  m_Colors: []
  m_UnwrapParameters:
    m_HardAngle: 88
    m_PackMargin: 20
    m_AngleError: 8
    m_AreaError: 15
  m_PreserveMeshAssetOnDestroy: 0
  assetGuid: 
  m_Mesh: {fileID: 0}
  m_IsSelectable: 1
  m_SelectedFaces: 
  m_SelectedEdges: []
  m_SelectedVertices: 
--- !u!23 &8728025256699523225
MeshRenderer:
  m_ObjectHideFlags: 0
  m_CorrespondingSourceObject: {fileID: 0}
  m_PrefabInstance: {fileID: 0}
  m_PrefabAsset: {fileID: 0}
  m_GameObject: {fileID: 6557945862665988523}
  m_Enabled: 1
  m_CastShadows: 1
  m_ReceiveShadows: 1
  m_DynamicOccludee: 1
  m_MotionVectors: 1
  m_LightProbeUsage: 1
  m_ReflectionProbeUsage: 1
  m_RayTracingMode: 2
  m_RayTraceProcedural: 0
  m_RenderingLayerMask: 1
  m_RendererPriority: 0
  m_Materials:
  - {fileID: 2100000, guid: 20239240535af2a4f86504b0534b25b3, type: 2}
  m_StaticBatchInfo:
    firstSubMesh: 0
    subMeshCount: 0
  m_StaticBatchRoot: {fileID: 0}
  m_ProbeAnchor: {fileID: 0}
  m_LightProbeVolumeOverride: {fileID: 0}
  m_ScaleInLightmap: 1
  m_ReceiveGI: 1
  m_PreserveUVs: 0
  m_IgnoreNormalsForChartDetection: 0
  m_ImportantGI: 0
  m_StitchLightmapSeams: 1
  m_SelectedEditorRenderState: 2
  m_MinimumChartSize: 4
  m_AutoUVMaxDistance: 0.5
  m_AutoUVMaxAngle: 89
  m_LightmapParameters: {fileID: 0}
  m_SortingLayerID: 0
  m_SortingLayer: 0
  m_SortingOrder: 0
  m_AdditionalVertexStreams: {fileID: 0}
--- !u!33 &2006478036839496219
MeshFilter:
  m_ObjectHideFlags: 0
  m_CorrespondingSourceObject: {fileID: 0}
  m_PrefabInstance: {fileID: 0}
  m_PrefabAsset: {fileID: 0}
  m_GameObject: {fileID: 6557945862665988523}
  m_Mesh: {fileID: 0}
--- !u!64 &3696710045708600955
MeshCollider:
  m_ObjectHideFlags: 0
  m_CorrespondingSourceObject: {fileID: 0}
  m_PrefabInstance: {fileID: 0}
  m_PrefabAsset: {fileID: 0}
  m_GameObject: {fileID: 6557945862665988523}
  m_Material: {fileID: 0}
  m_IsTrigger: 0
  m_Enabled: 1
  serializedVersion: 4
  m_Convex: 0
  m_CookingOptions: 30
  m_Mesh: {fileID: 0}
